 Dungeon Sprint DCSS version 0.30-a0-881-g1ff12e1e11 (webtiles) character file.

Game seed: 4971890125256402584

654 dialectric the Fighter (level 7, -4/52 HPs)
             Began as a Gargoyle Fighter on Mar 14, 2023.
             Slain by a merfolk siren
             ... wielding a +0 spear
              (7 damage)
             ... in the Dungeon (Sprint II: "The Violet Keep of Menkaure").
             The game lasted 00:00:51 (98 turns).

dialectric the Fighter (Gargoyle Fighter)             Turns: 98, Time: 00:00:52

Health: -4/52      AC: 13    Str: 18    XL:     7   Next: 54%
Magic:  7/7        EV: 12    Int:  8    God:
Gold:   243        SH:  0    Dex: 11    Spells: 6/6 levels left

rFire   . . .      SeeInvis .    a - +0 long sword
rCold   . . .      Faith    .    (no shield)
rNeg    + . .      Spirit   .    b - +0 scale mail
rPois   ∞          Reflect  .    (no helmet)
rElec   +          Rampage  .    (no cloak)
rCorr   .          NoTele   +    (no gloves)
Will    .....                    (no boots) Stlth
                                 (no amulet)
HPRegen 0.28/turn                (no ring)
MPRegen 0.10/turn                (no ring)

@: mesmerised, unable to read, unable to drink
A: sickness immunity, AC +4, negative energy resistance 1, electricity
resistance, torment resistance 1, petrification resistance, mutation resistance
1, screaming 1, weak 1, inability to drink after injury 1, inability to read
after injury 1
a: no special abilities


You were in the Dungeon.
You visited 1 branch You collected 243 gold pieces.

Inventory:

Hand Weapons
 a - a +0 long sword (weapon)
Armour
 b - a +0 scale mail (worn)
 c - a +0 buckler
Scrolls
 j - a scroll of blinking
Potions
 g - a potion of haste
 h - 2 potions of magic


   Skills:
 + Level 10.2 Fighting
 * Level 6.7 Long Blades
 + Level 9.6 Armour
 - Level 6.2 Dodging
 - Level 3.2 Shields


You had 6 spell levels left.
You didn't know any spells.
Your spell library was empty.

Dungeon Overview and Level Annotations

Branches:
Dungeon (1/1)

Altars:

Annotations:
D Roxanne


Innate Abilities, Weirdness & Mutations

You are immune to sickness and miasma.
Your stone body is resilient. (AC +4)
You are immune to poison.
You resist negative energy. (rN+)
You are resistant to electric shocks. (rElec)
You are resistant to unholy torment.
You are immune to petrification.
You are somewhat resistant to further mutation.
You occasionally shout uncontrollably at your foes.
You are weak. (Str -2)
You occasionally lose the ability to drink potions when taking damage.
You occasionally lose the ability to read scrolls when taking damage.


Message History

The merfolk siren chants its luring song.
You hit the merfolk siren.
The merfolk siren is lightly wounded.
The merfolk siren hits you with a +0 spear.
* * * LOW HITPOINT WARNING * * *
You barely miss the merfolk siren.
The merfolk siren is lightly wounded.
The merfolk siren chants its luring song.
You barely miss the merfolk siren.
The merfolk siren is lightly wounded.
You feel a little less mighty now.
The merfolk siren chants its luring song.
You completely miss the merfolk siren.
The merfolk siren is lightly wounded.
The merfolk siren chants its luring song.
You slash the merfolk siren!
The merfolk siren is heavily wounded.
The merfolk siren chants its luring song.
You hit the merfolk siren but do no damage.
The merfolk siren is heavily wounded.
The merfolk siren hits you with a +0 spear!
You feel threatened and lose the ability to drink potions!
* * * LOW HITPOINT WARNING * * *
You hit the merfolk siren but do no damage.
The merfolk siren is heavily wounded.
The merfolk siren chants its luring song.
The merfolk siren hits you but does no damage.
You hit the merfolk siren.
The merfolk siren is heavily wounded.
The merfolk siren closely misses you.
Unknown command.
You cannot drink potions in your current state!
Unknown command.
You closely miss the merfolk siren.
The merfolk siren is heavily wounded.
The merfolk siren chants its luring song.
You miss the merfolk siren.
The merfolk siren is heavily wounded.
The merfolk siren hits you with a +0 spear!
You die...

#§§~.~
#~~#+++#+++##
~~~~.....~..#
~~~~.##'##..#
~~~ ##.#.##.#
~ #.###.# ..
##.#.####..
#†###.##..
###.##@m.# .
#+.<.'.#$+
#.##.##...#
#.# #+###.##
## ##


You could see a merfolk siren (mesmerising).

Vanquished Creatures
  2 wyverns (D)
  2 neqoxecs (D)
  A water moccasin (D)
5 creatures vanquished.

Notes
Turn   | Place    | Note
-------+----------+-------------------------------------------
     0 | D        | dialectric the Gargoyle Fighter began the quest for the
                  | Orb.
     0 | D        | Reached XP level 1. HP: 14/14 MP: 1/1
     8 | D        | Noticed a neqoxec
     8 | D        | Noticed a neqoxec
    16 | D        | Gained mutation: You are weak. (Str -2) [a neqoxec]
    17 | D        | Killed a neqoxec
    18 | D        | Reached skill level 6 in Fighting
    18 | D        | Reached XP level 2. HP: 23/23 MP: 2/2
    18 | D        | Reached XP level 3. HP: 28/28 MP: 3/3
    18 | D        | Reached XP level 4. HP: 32/32 MP: 4/4
    18 | D        | Reached XP level 5. HP: 37/37 MP: 5/5
    18 | D        | Gained mutation: You occasionally shout uncontrollably at
                  | your foes. [a neqoxec]
    26 | D        | Gained mutation: You occasionally lose the ability to drink
                  | potions when taking damage. [a neqoxec]
    28 | D        | Gained mutation: You occasionally lose the ability to read
                  | scrolls when taking damage. [a neqoxec]
    29 | D        | Gained mutation: You are somewhat resistant to further
                  | mutation. [a neqoxec]
    34 | D        | Killed a neqoxec
    35 | D        | Reached skill level 8 in Fighting
    35 | D        | Reached XP level 6. HP: 35/44 MP: 6/6
    38 | D        | Noticed a wyvern
    38 | D        | Noticed a wyvern
    45 | D        | Killed a wyvern
    46 | D        | Reached skill level 9 in Fighting
    46 | D        | Reached skill level 5 in Long Blades
    46 | D        | Reached skill level 5 in Dodging
    55 | D        | Killed a wyvern
    56 | D        | Reached XP level 7. HP: 20/52 MP: 7/7
    61 | D        | Noticed Roxanne
    76 | D        | Reached skill level 10 in Fighting
    85 | D        | Noticed a merfolk siren
    94 | D        | HP: 2/52 [merfolk siren/+0 spear (13)]
    98 | D        | Slain by a merfolk siren

Illustrated notes

Levels and vault maps discovered:
D:        the_violet_keep_of_menkaure [sprint2_stairs_cluster_1,
          sprint2_shoproom, sprint2_temple, sprint2_basic_supplies,
          sprint2_obstacle_3, sprint2_obstacle_4, sprint2_obstacle_6,
          sprint2_obstacle_7, sprint2_obstacle_1, sprint2_timed_cluster_1,
          sprint2_smallroom_cluster_1, sprint2_smallroom_final_cluster_1,
          sprint2_transparent_cluster_1, sprint2_second_timed_cluster_1,
          sprint2_sniper_area_1, sprint2_heavy_combat_area_1,
          sprint2_mutation_trap_area_1, sprint2_forest_area_1,
          sprint2_light_combat_area_1, sprint2_behind_water_1,
          sprint2_near_end_vault_1]

Skill      XL: |  1  2  3  4  5  6  7 |
---------------+----------------------+-----
Fighting       | 6 8 9 10 | 10.2
Long Blades    | 3 4 5 6 |  6.7
Armour         | 6 7 9 |  9.6
Dodging        | 3 4 6 |  6.2
Shields        | |  3.2

Action                     |  1- 3 |  4- 6 |  7- 9 || total
---------------------------+-------+-------+-------++-------
  Melee: Long sword        |     8 |    30 |    23 ||    61
    Use: Potion            |     1 |     3 |       ||     4
 Armour: Scale mail        |     1 |    19 |     6 ||    26
  Dodge: Dodged            |     2 |    16 |    11 ||    29

Table legend: (Time is in decaauts)
 A = Elapsed time spent in this place.
 B = Non-inter-level travel time spent in this place.
 C = Inter-level travel time spent in this place.
 D = Time resting spent in this place.
 E = Time spent auto-exploring this place.
 F = Levels seen in this place.
 G = Mean time per level.
                   A        B        C        D        E       F      G
               +--------+--------+--------+--------+--------+-----+--------+
         Total |    111 |    111 |      0 |      0 |      0 |   1 |  111.0 |
       Dungeon |    111 |    111 |      0 |      0 |      0 |   1 |  111.0 |
               +--------+--------+--------+--------+--------+-----+--------+

Top non-repeatable levels by time:
       D: 111 daAuts
